 Dungeon Crawl Stone Soup version 0.31.0-10-gcf4a605ca0 (webtiles) character file.

Game seed: 14688101783214935501

87 Gadfly the Changeling (level 4, -1/36 HPs)
             Began as a Draconian Shapeshifter on Jan 26, 2024.
             Slain by an ogre
             ... wielding a +0 giant spiked club
              (13 damage)
             ... on level 4 of the Dungeon.
             The game lasted 00:03:42 (2231 turns).

Gadfly the Changeling (Draconian Shapeshifter)      Turns: 2231, Time: 00:03:43

Health: -1/36      AC:  5    Str: 14 (16) XL:     4   Next: 28%
Magic:  4/4        EV: 12    Int: 10 (11) God:
Gold:   51         SH:  0    Dex: 11 (12) Spells: 3/3 levels left

rFire   . .          .
                       - Unarmed
rCold   . . .        (no shield)
rNeg    . . .        (body armour unavailable)
rPois   .            (helmet currently unavailable)
rElec   .            (cloak currently unavailable)
rCorr   .            k - melded +0 pair of gloves "Cunaicw" {Rampage rElec Str+2}
SInv    .            (boots currently unavailable)
Will    .....        n - amulet of the acrobat
Stlth   +            (no ring)
HPRegen 0.26/turn    (no ring)
MPRegen 0.09/turn

%: acrobat
@: beast-form, studying Polearms
A: beast (slay +2), AC +5, unfitting armour, cold-blooded
a: Begin Untransformation


You were on level 4 of the Dungeon.
You were a hulking beast.
You visited 1 branch of the dungeon, and saw 4 of its levels.

You collected 103 gold pieces.
You spent 52 gold pieces at shops.

Inventory:

Armour
 k - the +0 pair of gloves "Cunaicw" (melded) {Rampage rElec Str+2}
   (You found it on level 2 of the Dungeon)

   Str+2:     It affects your strength (+2).
   rElec:     It insulates you from electricity.
   Rampage:   It bestows one free step when moving towards enemies.
Jewellery
 n - an amulet of the acrobat (around neck)
Talismans
 b - a beast talisman (active)
 c - a flux talisman
Wands
 h - a wand of flame (8)
Scrolls
 i - a scroll of fear
Potions
 a - a potion of lignification
 d - a potion of heal wounds {unknown}
 e - a potion of attraction
 f - a potion of curing
 g - 3 potions of ambrosia {unknown}
 j - a potion of mutation {unknown}
 m - a potion of invisibility {unknown}


   Skills:
 + Level 2.0 Fighting
 * Level 2.3 Dodging
 * Level 3.5 Unarmed Combat
 * Level 1.5 Evocations
 * Level 3.5 Shapeshifting


You had 3 spell levels left.
You didn't know any spells.
Your spell library contained the following spells:

 Spells                   Type           Power      Damage    Failure   Level
 Stone Arrow              Conj/Erth      0%         3d7       75%         3
 Lehudib's Crystal Spear  Conj/Erth      0%         10d2      100%        8
 Animate Armour           Summ/Erth      Unusable   N/A       N/A         4

Dungeon Overview and Level Annotations

Branches:
Dungeon (4/15)
 Temple: D:4-7

Altars:

Shops:
D:3 *


Innate Abilities, Weirdness & Mutations

You are a hulking beast.
Your limbs bulge with bestial killing power. (Slay +2)
Your plain brown scales are hard. (AC +5)
You cannot fit into any form of body armour.
You are cold-blooded and may be slowed by cold attacks.


Message History

You hit the ball python.
You kill the ball python!
No target in view!
No target in view!
No target in view!
No target in view!
No target in view!
No target in view!
No target in view!
Search for what [Enter for "alt", or ? for help]?
Can't find anything matching that.
Search for what [Enter for "alt", or ? for help]? armo Search for what [Enter for "armo", or ? for help]? bra Can't find anything matching that.
Search for what [Enter for "bra", or ? for help]? alt Can't find anything matching that.
HP restored.
Found a mace.
You open the door.
There is an open door here.
You open the door.
There is an open door here.
An ogre comes into view. It is wielding a +0 giant spiked club.
The ogre shouts!
An ogre is nearby!
You hit the ogre. You punch the ogre, but do no damage.
The ogre is moderately wounded.
The ogre hits you with a +0 giant spiked club!!
Ouch! That really hurt!
You are too injured to fight recklessly!
You are too injured to fight recklessly!
You are too injured to fight recklessly!
You are too injured to fight recklessly!
You are too injured to fight recklessly!
You are too injured to fight recklessly!
You are too injured to fight recklessly!
You hit the ogre.
The ogre is moderately wounded.
The ogre hits you with a +0 giant spiked club!
You die...

###
#.############
#..........h.#
#.#.##########O#
#.#.######## .#
#.#......... .#
#.##.....## .#
#.##.....# .#
#.##.....# .#
#.##.....# .#
##........#


You could see an ogre.

Vanquished Creatures
  Jessica (D:2)
  2 adders
  A dart slug (D:1)
  5 bats
  An endoplasm (D:1)
  A giant cockroach (D:2)
  2 goblins
  3 hobgoblins
  7 jackals (D:2)
  4 kobolds
  3 ball pythons
  A frilled lizard (D:2)
  8 rats
39 creatures vanquished.

Notes
Turn   | Place    | Note
-------+----------+-------------------------------------------
     0 | D:1      | Gadfly the Draconian Shapeshifter began the quest for the
                  | Orb.
     0 | D:1      | Reached XP level 1. HP: 16/16 MP: 1/1
   349 | D:1      | Reached XP level 2. HP: 19/23 MP: 2/2
   890 | D:2      | Noticed Jessica
   900 | D:2      | Killed Jessica
   901 | D:2      | Reached skill level 1 in Evocations
   901 | D:2      | Reached XP level 3. HP: 11/28 MP: 3/3
  1029 | D:2      | Identified the +0 pair of gloves "Cunaicw" {Rampage rElec
                  | Str+2}
  1181 | D:2      | Reached XP level 4. HP: 36/36 MP: 4/4
  1288 | D:3      | Found Nazuss's General Store.
  1294 | D:3      | Bought a scroll of fear for 52 gold pieces
  2229 | D:4      | Noticed an ogre
  2231 | D:4      | Slain by an ogre

Illustrated notes

Levels and vault maps discovered:
D:1:      giann_wishing_wells, layout_loops_cross
D:2:      layout_basic, uniq_jessica
D:3:      layout_loops_corners, serial_shops, shop, roderic_three_in_a_row
D:4:      layout_basic

Skill      XL: |  1  2  3  4 |
---------------+-------------+-----
Dodging        | 2 |  2.3
Evocations     | 1 |  1.5
Fighting       | 2 |  2.0
Unarmed Combat | |  3.5
Shapeshifting  | |  3.5

Action                     |  1- 3 |  4- 6 || total
---------------------------+-------+-------++-------
  Melee: Unarmed           |    83 |    19 ||   102
         Tailslap          |     5 |     2 ||     7
         Punch             |     1 |     1 ||     2
Ability: Begin Untransform |     1 |     1 ||     2
    Use: Scroll            |     1 |     4 ||     5
         Potion            |       |     2 ||     2
   Stab: Distracted        |     1 |       ||     1
         Sleeping          |       |     1 ||     1
 Armour: Skin              |    43 |     5 ||    48
  Dodge: Dodged            |    61 |    11 ||    72
   Form: Beast             |     1 |     1 ||     2
